 Dungeon Crawl Stone Soup version 0.31.0-9-g3a7656b989 (webtiles) character file.

Game seed: 4727406277939503267

100 Killerpretzel the Changeling (level 4, -2/29 HPs)
             Began as an Octopode Shapeshifter on Feb 6, 2024.
             Splashed by a jelly's acid (3 damage)
             ... on level 3 of the Dungeon.
             The game lasted 00:09:31 (2866 turns).

Killerpretzel the Changeling (OpSh)                 Turns: 2866, Time: 00:09:32

Health: -2/29      AC: -3    Str: 13    XL:     4   Next: 74%
Magic:  4/4        EV: 13    Int: 12    God:
Gold:   153        SH:  0    Dex: 13    Spells: 3/3 levels left

rFire   + +          .
                       - Unarmed
rCold   + . .        (no shield)
rNeg    . . .        (helmet currently unavailable)
rPois   .            (no amulet)
rElec   .            h - ring of willpower
rCorr   .            g - ring of protection from fire
SInv    .            k - ring of protection from cold
Will    +....        j - ring of protection from fire
Stlth   ++           e - ring of flight
HPRegen 0.24/turn    (no ring)
MPRegen 0.09/turn    (no ring)
                     (no ring)

%: no passive effects
@: beast-form, corroded, flying
A: beast (slay +2), almost no armour, amphibious, 8 rings, camouflage 1,
gelatinous body 1, (nimble swimmer 1), tentacles
a: Begin Untransformation


You were on level 3 of the Dungeon.
You were a hulking beast.
You visited 1 branch of the dungeon, and saw 4 of its levels.

You collected 153 gold pieces.

Inventory:

Jewellery
 e - a ring of flight (on tentacle)
 g - a ring of protection from fire (right tentacle)
 h - a ring of willpower (left tentacle)
 j - a ring of protection from fire (on tentacle)
 k - a ring of protection from cold (on tentacle)
Talismans
 b - a beast talisman
 c - a flux talisman
Scrolls
 l - a scroll of identify
Potions
 a - a potion of lignification
 d - 2 potions of enlightenment
 f - a potion of curing
 m - a potion of magic


   Skills:
 + Level 2.0 Fighting
 + Level 2.7 Dodging
 + Level 3.5 Unarmed Combat
 * Level 3.9 Shapeshifting


You had 3 spell levels left.
You didn't know any spells.
Your spell library was empty.

Dungeon Overview and Level Annotations

Branches:
Dungeon (4/15)
 Temple: D:4-7

Altars:
Hepliaklqana
Xom

Shops:
D:3 (

Annotations:
D:4 exclusion: scorpion


Innate Abilities, Weirdness & Mutations

You are a hulking beast.
Your limbs bulge with bestial killing power. (Slay +2)
You cannot wear most types of armour.
You are amphibious.
You can wear up to eight rings at the same time.
Your skin changes colour to match your surroundings (Stealth+).
Your rubbery body absorbs attacks. (AC +1, EV +1)
((You are camouflaged when in or above water. (Stealth+)))
You have tentacles for arms and can constrict up to eight enemies at once.


Message History

You squeeze the hobgoblin, but do no damage.
The hobgoblin is almost dead.
You constrict the hobgoblin.
You kill the hobgoblin!
Key pressed, stopping explore.
There is an open door here.
Done exploring.
Search for what [Enter for "."]? .
There is an open door here.
You see here a +1 hat.
Okay, then.
Okay, then.
There is a stone staircase leading down here.
You fly downwards.
There is a stone staircase leading up here.
You fly upwards.
There is a stone staircase leading down here.
You fly downwards.
There is a stone staircase leading up here.
Okay, then.
Press: ? - help, v - describe, . - travel
Here: a scorpion (asleep)
The floor.
Placed new exclusion.
The jelly hits you.
You are splashed with acid!
You fly upwards.
There is a stone staircase leading down here.
You tentacle-slap the jelly.
Your tentacles burn!
You squeeze the jelly.
The jelly is lightly wounded.
The jelly hits you.
You are splashed with acid!
You are too injured to fight recklessly!
You are too injured to fight recklessly!
You feel much better. The jelly hits you. The acid corrodes you!
You are splashed with acid!
You tentacle-slap the jelly.
Your tentacles burn!
The jelly is moderately wounded.
The jelly hits you.
You are splashed with acid!
* * * LOW HITPOINT WARNING * * *
You tentacle-slap the jelly.
Your tentacles burn!
You die...

#.# #.######## ######
#.#......# .....#
#.#.####.# ####.#######.#.#
#.#
####.##........####.#######
#..............#..........#
#.##.##.###....#.##.#####.#
#.##.##........#h##.# #.#
.....#####[....J....# #.#
#.#### ##...##.#### #.# #.#
#..###.# #.# #.# #......#
#.# ..# ##.##### #.# ###
##'## #.# # ##...## #.#
#### ##.....## ####.#


You could see a jelly.

Vanquished Creatures
  3 adders
  4 ribbon worms
  2 dart slugs (D:1)
  3 ball pythons
  2 bats (D:1)
  6 endoplasms
  3 giant cockroaches
  2 goblins (D:3)
  6 hobgoblins
  4 jackals (D:1)
  6 kobolds
  4 quokkas (D:1)
  6 frilled lizards
  6 rats
57 creatures vanquished.

Notes
Turn   | Place    | Note
-------+----------+-------------------------------------------
     0 | D:1      | Killerpretzel the Octopode Shapeshifter began the quest for
                  | the Orb.
     0 | D:1      | Reached XP level 1. HP: 13/13 MP: 1/1
   125 | D:1      | Reached XP level 2. HP: 14/18 MP: 2/2
   468 | D:1      | Reached XP level 3. HP: 23/23 MP: 3/3
  1704 | D:2      | Reached XP level 4. HP: 29/29 MP: 4/4
  1899 | D:3      | Found a shimmering altar of Xom.
  1977 | D:3      | Found a hazy altar of Hepliaklqana.
  2014 | D:3      | Identified the +3 leather armour "Hary" {rPois Regen+ MP+9}
  2127 | D:3      | Found Fuyfitee's Weapon Boutique.
  2394 | D:3      | Noticed a scorpion
  2856 | D:4      | Noticed a scorpion
  2865 | D:3      | HP: 1/29 [acid (9)]
  2866 | D:3      | Splashed by a jelly's acid

Illustrated notes

Levels and vault maps discovered:
D:1:      kennysheep_arrival_seaside, layout_loops_corners, serial_forest,
          infiniplex_forest_side_room, infiniplex_forest_zigzag_1,
          infiniplex_forest_lined_4_way, infiniplex_forest_lined_2,
          infiniplex_forest_lined_4_way
D:2:      layout_basic
D:3:      layout_loops_corners, lemuel_round_altar, xom_butterflies,
          serial_shops, nicolae_shop_statue_plus
D:4:      layout_rooms, pdpol_wu_jian_five_deadly_venoms,
          minmay_misc_feat_rugged, skrybe_limestone_x, grunt_decor_one_mirror,
          feat_on_display

Skill      XL: |  1  2  3  4 |
---------------+-------------+-----
Fighting       | 2 |  2.0
Dodging        | |  2.7
Unarmed Combat | |  3.5
Shapeshifting  | |  3.9

Action                     |  1- 3 |  4- 6 || total
---------------------------+-------+-------++-------
  Melee: Unarmed           |    67 |    38 ||   105
         Constrict         |    17 |     9 ||    26
         Tentacles         |    10 |     7 ||    17
         Punch             |     2 |     1 ||     3
  Throw: Stone             |     4 |       ||     4
    Use: Scroll            |       |    11 ||    11
         Potion            |       |     1 ||     1
   Stab: Sleeping          |     7 |     6 ||    13
 Armour: Skin              |    17 |    11 ||    28
  Dodge: Dodged            |    30 |    15 ||    45
